 Dungeon Crawl Stone Soup version 0.28.0-1-gb440e238dd (webtiles) character file.

Game seed: 12813059186277653228

886 Kraken2834 the Shield-Bearer (level 7, -5/64 HPs)
             Began as a Deep Dwarf Fighter on Feb 22, 2022.
             Was an Initiate of Makhleb.
             Slain by an ogre (15 damage)
             ... on level 5 of the Dungeon.
             The game lasted 00:12:11 (3440 turns).

Kraken2834 the Shield-Bearer (Deep Dwarf Fighter)   Turns: 3440, Time: 00:12:11

Health: -5/64      AC:  7    Str: 21    XL:     7   Next: 77%
Magic:  5/5        EV: 10    Int:  9    God:    Makhleb [......]
Gold:   223        SH:  5    Dex: 12    Spells: 6/6 levels left

rFire   . . .      SeeInvis .   f - +2 hand axe (freeze)
rCold   . . .      Faith    .   c - +0 buckler
rNeg    . . .      Spirit   .   b - +0 scale mail
rPois   .          Reflect  .   (no helmet)
rElec   .          Harm     .   (no cloak)
rCorr   .          Rampage  .   (no gloves)
Will    +....                   (no boots)
Stlth   +.........              (no amulet)
HPRegen 0.00/turn               (no ring)
MPRegen 0.09/turn               (no ring)

@: no status effects
A: damage resistance, heal wounds, sense surroundings 1, no regeneration
a: Heal Wounds, Renounce Religion


You were on level 5 of the Dungeon.
You worshipped Makhleb.
Makhleb was noncommittal.
You visited 2 branches of the dungeon, and saw 6 of its levels.

You collected 223 gold pieces.

Inventory:

Hand Weapons
 a - a +0 war axe
 f - a +2 hand axe of freezing (weapon)
Armour
 b - a +0 scale mail (worn)
 c - a +0 buckler (worn)
Scrolls
 d - a scroll of enchant weapon {unknown}
 h - 3 scrolls of teleportation {unknown}
 k - a scroll of enchant armour {unknown}
 l - a scroll of blinking {unknown}
Potions
 e - a potion of curing
 g - a potion of magic {unknown}
 i - 2 potions of berserk rage {unknown}
 j - a potion of attraction {unknown}


   Skills:
 + Level 4.2 Fighting
 + Level 4.5 Axes
 + Level 5.1 Armour
 + Level 3.6 Dodging
 + Level 4.2 Stealth
 + Level 5.1 Shields


You had 6 spell levels left.
You didn't know any spells.
Your spell library contained the following spells:

 Spells                   Type           Power      Damage    Failure   Level
 Ensorcelled Hibernation  Hex/Ice        0%         N/A       90%         2
 Spider Form              Tmut/Pois      0%         N/A       99%         3
 Summon Guardian Golem    Hex/Summ       0%         N/A       99%         3
 Anguish                  Hex/Necr       0%         N/A       100%        4
 Orb of Destruction       Conj           0%         9d5       100%        7
 Spellforged Servitor     Conj/Summ      0%         N/A       100%        7


Dungeon Overview and Level Annotations

Branches:
Dungeon (5/15)             Temple (1/1) D:4

Altars:
Ashenzari
Cheibriados
Fedhas
Hepliaklqana
Kikubaaqudgha
Makhleb
Okawaru
Ru
Sif Muna
Trog
Vehumet
Xom
Yredelemnul
Zin
The Shining One


Innate Abilities, Weirdness & Mutations

You are resistant to damage.
You can heal yourself by infusing magical energy.
You passively map a small area around you.
You do not regenerate.


Message History

The ogre barely misses you.
You hit the ogre. You freeze the ogre.
You kill the ogre!
Makhleb accepts your kill.
No target in view!
Unknown command.
Found a leather armour.
You now have 212 gold pieces (gained 6).
Found a stone staircase leading down.
You see here a +0 leather armour.
You see here a +0 leather armour.
Found a stone staircase leading up.
You now have 223 gold pieces (gained 11).
An ogre comes into view. It is wielding a +0 giant spiked club.
The ogre shouts!
An ogre is nearby!
The ogre barely misses you.
You hit the ogre but do no damage.
The ogre hits you with a +0 giant spiked club!
You are too injured to fight recklessly!
You are too injured to fight recklessly!
You are too injured to fight recklessly!
You are too injured to fight recklessly!
You are too injured to fight recklessly!
You hit the ogre. You freeze the ogre.
The ogre is lightly wounded.
You hit the ogre. You freeze the ogre.
The ogre is moderately wounded.
You block the ogre's attack.
You hit the ogre but do no damage.
The ogre is moderately wounded.
The ogre hits you with a +0 giant spiked club!
You hit the ogre. You freeze the ogre.
The ogre is heavily wounded.
The ogre hits you with a +0 giant spiked club!!
* * * LOW HITPOINT WARNING * * *
You hit the ogre. You freeze the ogre.
The ogre is severely wounded.
The ogre hits you with a +0 giant spiked club!!
You die...

.#.............#*#......
*
.....#..#......##.......
#..###.......#..........
*
#...)...................
,
........................
#............###.##.....
.#...#...##..###.# ....
** .#.......##...##.# .
. , .....###....#...@# ,
#...............O#*, *
#.............##.# *
..................,,, ,
, ..................
................... ,
................... , *
* ....................,
...............,


You could see an ogre.

Vanquished Creatures
  Eustachio (D:4)
  An ice beast (D:4)
  2 black bears
  An ogre (D:5)
  A centaur (D:3)
  A hound (D:4)
  A bullfrog skeleton (D:5)
  3 orc priests
  An orc wizard (D:2)
  4 adders
  A worm (D:2)
  4 dart slugs
  15 orcs
  2 bats (D:2)
  An endoplasm (D:2)
  4 giant cockroaches
  7 goblins
  7 hobgoblins
  7 kobolds
  7 quokkas
  4 ball pythons
  A frilled lizard (D:2)
  3 rats
79 creatures vanquished.

Notes
Turn   | Place    | Note
-------+----------+-------------------------------------------
     0 | D:1      | Kraken2834 the Deep Dwarf Fighter began the quest for the
                  | Orb.
     0 | D:1      | Reached XP level 1. HP: 20/20 MP: 1/1
   334 | D:1      | Reached XP level 2. HP: 24/27 MP: 2/2
   630 | D:2      | Reached skill level 1 in Stealth
   630 | D:2      | Reached XP level 3. HP: 9/34 MP: 3/3
   631 | D:2      | Reached skill level 1 in Dodging
   769 | D:2      | Found a faded altar of an unknown god.
   859 | D:2      | Reached XP level 4. HP: 29/42 MP: 3/3
  1091 | D:2      | Found a snail-covered altar of Cheibriados.
  1476 | D:3      | Noticed a centaur
  1495 | D:3      | Killed a centaur
  1496 | D:3      | Reached XP level 5. HP: 25/49 MP: 3/3
  1593 | D:3      | Found a sacrificial altar of Ru.
  2022 | D:4      | Noticed an ice beast
  2138 | D:4      | Killed an ice beast
  2139 | D:4      | Reached XP level 6. HP: 20/56 MP: 4/4
  2356 | D:4      | Found a staircase to the Ecumenical Temple.
  2365 | Temple   | Entered the Ecumenical Temple
  2504 | Temple   | Became a worshipper of Makhleb the Destroyer
  2578 | D:4      | Noticed Eustachio
  2654 | D:4      | Killed Eustachio
  2655 | D:4      | Reached XP level 7. HP: 31/63 MP: 5/5
  3088 | D:5      | Entered Level 5 of the Dungeon
  3267 | D:5      | Reached skill level 5 in Armour
  3315 | D:5      | Reached skill level 5 in Shields
  3440 | D:5      | Slain by an ogre

Illustrated notes

Levels and vault maps discovered:
D:1:      dpeg_arrival_tiny_i, layout_basic
D:2:      layout_rooms, basic_altar, chequers_ecumenical_altar_simple_redux
D:3:      layout_rooms, nicolae_ru_awakened_eye
D:4:      layout_basic, minmay_temple_entry_sparse_star,
          chequers_serial_rivers_micro_c, minmay_misc_feat_hallway,
          kennysheep_generic_room_6, uniq_eustachio
D:5:      layout_rooms, serial_park_tiny_1, minmay_misc_feat_nine_boxes,
          uniq_prince_ribbit1
Temple:   roderic_octagonal_lattice_temple

Skill      XL: |  1  2  3  4  5  6  7 |
---------------+----------------------+-----
Fighting       | 3 4 |  4.2
Stealth        | 1 2 3 4 |  4.2
Dodging        | 1 2 3 |  3.6
Axes           | 3 4 |  4.5
Armour         | 4 5 |  5.1
Shields        | 4 5 |  5.1

Action                   |  1- 3 |  4- 6 |  7- 9 || total
-------------------------+-------+-------+-------++-------
Melee: War axe           |    67 |    51 |       ||   118
       Hand axe          |       |    84 |    73 ||   157
 Abil: Heal Wounds       |     1 |     5 |     4 ||    10
  Use: Potion            |     1 |     2 |       ||     3
       Scroll            |     1 |     4 |       ||     5
Armor: Scale mail        |    52 |   102 |    22 ||   176
Dodge: Dodged            |    25 |   101 |    30 ||   156
Block: Buckler           |    18 |    37 |    14 ||    69
